 Dungeon Crawl Stone Soup version 0.20.1-1-g8b1a95d (webtiles) character file.

868230 mopl the Formicid Arbalest (level 27, -35/251 HPs)
             Began as a Formicid Hunter on Nov 3, 2017.
             Was the Champion of Okawaru.
             Killed from afar by Cerebov (54 damage)
             ... with a great blast of fire
             ... in Pandemonium on Aug 1, 2018.
             The game lasted 05:30:14 (83487 turns).

mopl the Formicid Arbalest (Formicid Hunter)       Turns: 83487, Time: 05:30:15

Health: -35/251    AC: 44    Str: 35    XL:     27
Magic:  38/45      EV: 25    Int: 14    God:    Okawaru [******]
Gold:   6359       SH: 18    Dex: 20    Spells: 9/42 levels left

rFire    + . .     SeeInvis +   a - +9 triple crossbow (velocity)
rCold    + + .     Gourm    .   G - +0 shield "Jainos" {Regen+ Str+3}
rNeg     . . .     Faith    +   m - +10 plate armour of Weirdness {rPois rCorr Dex+3}
rPois    +         Spirit   .   (helmet unavailable)
rElec    +         Reflect  .   j - +2 cloak {MR+}
rCorr    +         Harm     .   c - +2 pair of gloves {archery}
MR       +++..                  e - +0 pair of boots of the Spheres {+Fly rPois rC+ MP+9}
Stlth    ..........             v - amulet of faith {!P}
Regen    1.0/turn               i - ring of protection from fire
MPRegen  0.3/turn               M - ring "Yfuzxefy" {rElec Str+6 SInv}

@: mighty, resistant, heroism, finesse, fire vulnerable, portal projectile,
flying, drained
A: permanent stasis, dig shafts and tunnels, four strong arms, antennae 3, beak,
hooves 1, molten scales 1, robust 1
}: 7/15 runes: decaying, slimy, silver, abyssal, demonic, glowing, gossamer
a: Dig, Shaft Self, Heroism, Finesse, Renounce Religion, Cancel Portal
Projectile


You were in Pandemonium.
You worshipped Okawaru.
Okawaru was exalted by your worship.
You were not hungry.

You visited 13 branches of the dungeon, and saw 59 of its levels.
You visited Pandemonium 3 times, and saw 15 of its levels.
You visited the Abyss 1 time.
You also visited: Labyrinth and Ice Cave.

You collected 9647 gold pieces.
You spent 3288 gold pieces at shops.

Inventory:

Hand Weapons
 a - a +9 triple crossbow of velocity (weapon)
Missiles
 d - 2007 bolts (quivered)
 R - 5 throwing nets
Armour
 c - a +2 pair of gloves of archery (worn)
 e - the +0 pair of boots of the Spheres (worn) {+Fly rPois rC+ MP+9}
   (You bought it in a shop on level 3 of the Depths)

   It protects you from cold.
   It protects you from poison.
   It affects your magic capacity (+9).
   It lets you fly.
 j - a +2 cloak of magic resistance (worn)
 m - the +10 plate armour of Weirdness (worn) {rPois rCorr Dex+3}
   (You found it on level 3 of the Elven Halls)

   It affects your dexterity (+3).
   It protects you from poison.
   It protects you from acid and corrosion.
 G - the +0 shield "Jainos" (worn) {Regen+ Str+3}
   (Okawaru gifted it to you on level 6 of the Lair of Beasts)

   It affects your strength (+3).
   It increases your rate of regeneration.
Jewellery
 i - a ring of protection from fire (left hand)
 v - an amulet of faith (around neck) {!P}
 z - a +4 ring of evasion
 M - the ring "Yfuzxefy" (right hand) {rElec Str+6 SInv}
   (You took it off an orc on level 6 of the Dungeon)

   [ring of see invisible]

   It affects your strength (+6).
   It insulates you from electricity.
   It lets you see invisible.
 S - the ring "Uma Keck" {Wiz Dex+2 Slay+3 SInv}
   (You took it off a deep elf death mage on level 3 of the Elven Halls)

   [ring of wizardry]

   It improves your spell success rate.
   It affects your dexterity (+2).
   It affects your accuracy and damage with ranged weapons and melee attacks
   (+3).
   It lets you see invisible.
Wands
 k - a wand of acid (4/15)
 l - a wand of clouds (7/9)
 p - a wand of paralysis (10/24)
 D - a wand of scattershot (4/9)
 E - a wand of scattershot (6/9)
 H - a wand of iceblast (3/15)
 I - a wand of clouds (8/9)
 J - a wand of iceblast (6/15)
 L - a wand of scattershot (9/9)
 W - a wand of clouds (8/9)
Scrolls
 g - 9 scrolls of fear
 n - 9 scrolls of magic mapping
 r - 22 scrolls of fog
 w - 21 scrolls of remove curse
 x - 2 scrolls of silence {!r}
 K - 3 scrolls of enchant armour
 X - 6 scrolls of identify
Potions
 b - 2 potions of brilliance
 o - 6 potions of ambrosia
 s - 13 potions of might
 t - 12 potions of agility
 u - a potion of invisibility
 A - 7 potions of mutation {!q}
 B - 28 potions of curing
 C - 8 potions of lignification {!q}
 F - 2 potions of heal wounds
 T - 6 potions of flight
 U - 5 potions of cancellation
 Z - 9 potions of resistance
Miscellaneous
 h - a fan of gales (inert)
 q - a lightning rod (4/4)
 y - 5 sacks of spiders
 O - 7 boxes of beasts
 Q - a lamp of fire
 V - a phial of floods (inert)
 Y - 2 phantom mirrors
Comestibles
 f - 36 bread rations


   Skills:
 + Level 21.4(26.1) Fighting
 O Level 27(26.7) Crossbows
 + Level 21.4(26.2) Armour
 + Level 16.1(20.9) Dodging
 - Level 1.2(6.1) Stealth
 - Level 15.0(19.8) Shields
 - Level 8.0(7.8) Spellcasting
 - Level 14.0(13.9) Hexes
 + Level 11.4(11.3) Charms
 - Level 10.0(9.8) Summonings
 - Level 7.0(6.8) Necromancy
 - Level 10.0(9.8) Translocations
 - Level 5.0(4.9) Transmutations
 + Level 7.3(7.2) Air Magic
 + Level 12.4(12.2) Earth Magic
 + Level 19.6(19.4) Invocations
 + Level 16.8(16.6) Evocations


You had 9 spell levels left.
You knew the following spells:

 Your Spells              Type           Power        Failure   Level  Hunger
a - Apportation           Tloc           ####..       1%          1    None
b - Summon Butterflies    Summ           ####....     1%          1    None
c - Corpse Rot            Necr           N/A          2%          2    None
f - Portal Projectile     Hex/Tloc       #####.       1%          3    ##.....
k - Lee's Rapid Deconstr  Erth           #####.....   5%          5    #####..
p - Passwall              Tmut/Erth      ####......   1%          2    None
r - Regeneration          Chrm/Necr      ####......   2%          3    ##.....
x - Animate Skeleton      Necr           N/A          1%          1    None
D - Deflect Missiles      Chrm/Air       ####......   71%         6    #######
P - Passage of Golubria   Tloc           N/A          5%          4    ####...
S - Silence               Hex/Air        #####.....   11%         5    #####..


Dungeon Overview and Level Annotations

Branches:
Dungeon (15/15)            Temple (1/1) D:5            Lair (6/6) D:11
  Swamp (4/4) Lair:3       Spider (4/4) Lair:4        Slime (5/5) Lair:6
    Orc (2/2) D:11            Elf (3/3) Orc:2        Vaults (5/5) D:14
  Crypt (3/3) Vaults:3       Tomb (1/3) Crypt:3      Depths (5/5) D:15
    Zot (5/5) Depths:5

Altars:
Ashenzari
Cheibriados
Elyvilon
Fedhas
Gozag
Makhleb
Nemelex Xobeh
Okawaru
Qazlal
Trog
Uskayaw
Vehumet
Xom
Yredelemnul
Zin
The Shining One
Beogh
Jiyva

Shops:
D:5 *   D:8 }   Orc:1 *   Orc:2 [*(:   Elf:1 *[%(!   Elf:3 !   Vaults:1 (
Vaults:2 =   Vaults:4 *   Depths:3 [}   Depths:4 %

Portals:
Hell: Depths:1 Depths:2 Depths:3 Depths:4 Depths:5
Abyss: Depths:4 Depths:5
Pandemonium: Depths:3 Depths:5
Ziggurat: Depths:1

Annotations:
Elf:2 3 runed doors
Zot:5 1 exclusion
Pan Cerebov


Innate Abilities, Weirdness & Mutations

You cannot be hasted, slowed, berserked, paralysed or teleported.
You can dig through walls and to a lower floor.
Your four strong arms can wield two-handed weapons with a shield.
You have a pair of large antennae on your head. (SInv)
You have a beak for a mouth.
You have large cloven feet.
You are partially covered in molten scales. (AC +2)
You are robust. (+10% HP)


Message History

The damnation engulfs the Brimstone Fiend.
The Brimstone Fiend completely resists.
Cerebov shouts, "Embrace thy failure, thou tasty junket!"
Unknown command.
You feel much better.
Cerebov is no longer moving quickly.
Cerebov hits you with a great serpentine sword {flame}!!
* * * LOW HITPOINT WARNING * * *
Cerebov burns you.
* * * LOW HITPOINT WARNING * * *
You block the Brimstone Fiend's attack. x2
The Brimstone Fiend hits you but does no damage.
Unknown command.
You feel much better.
The Brimstone Fiend calls on the powers of darkness!
Your body is wracked with pain!
* * * LOW HITPOINT WARNING * * *
Cerebov gestures at you.
A raging storm of fire appears!
The great blast of fire engulfs you! You partially resist.
You die...

{ #
#######.##
#.§..§.§..
#§1§§§§§..
#@&§§§§§..
{
###§§§§§..
§.§§##.
.....#
......#
$....##
....##
...2.


You could see Cerebov and a Brimstone Fiend.

Vanquished Creatures
  A seraph (Pan)
  Mnoleg (Pan)
  The ghost of Mellonil the Conqueror, a legendary HOBe of Trog (Zot:5)
  3 ancient liches
  Mara (Swamp:3)
  3 juggernauts
  4 greater mummies
  Sojobo (Crypt:2)
  Xtahua (Vaults:5)
  A Killer Klown (Zot:3)
  3 pandemonium lords (Pan)
  A profane servitor (Depths:1)
  3 golden dragons
  4 bone dragons
  3 Brimstone Fiends (Pan)
  2 pearl dragons (Pan)
  A Tzitzimitl (Pan)
  4 electric golems
  18 tentacled monstrosities
  Jorgrun (Spider:4)
  2 Hell Sentinels
  13 liches
  2 deep elf blademasters (Elf:3)
  A shard shrike skeleton (Crypt:3)
  3 Orb Guardians (Zot:5)
  Asterion (Elf:1)
  3 deep elf master archers
  6 quicksilver dragons
  11 sphinxes
  The ghost of AdmiralAndromeda the Purifying Dwarf, an adept DDFi of Elyvilon (Spider:4)
  7 Executioners
  10 tentacled starspawn
  8 death cobs
  6 titans
  16 acid blobs
  7 storm dragons
  2 ancient champions
  2 thorn hunters (Swamp:3)
  17 daevas
  10 shadow dragons
  A revenant (Crypt:3)
  Roxanne (Spider:1)
  11 tengu reavers
  14 azure jellies
  Aizul (Vaults:2)
  14 fire giants
  6 iron dragons
  2 draconian knights (Zot:1)
  8 deep elf sorcerers
  2 warmongers (Pan)
  17 frost giants
  7 ghost moths
  9 cacodemons (Pan)
  2 draconian scorchers
  2 orc warlords
  4 curse skulls
  2 corrupters (Pan)
  17 vault wardens
  4 emperor scorpions
  A ghost moth (shapeshifter) (Vaults:4)
  4 draconian shifters
  10 balrugs (Pan)
  A ghoul (Vaults:3)
  17 ophanim (Pan)
  2 draconian annihilators
  16 ironheart preservers
  6 deep elf elementalists
  2 draconian stormcallers
  35 very ugly things
  5 war gargoyles
  35 stone giants
  5 reapers (Pan)
  31 angels
  3 blood saints (Pan)
  The ghost of AdmiralAndromeda the Grappler, a journeyman DrTm of Makhleb (D:14)
  7 entropy weavers
  4 black suns (Pan)
  7 vampire knights
  5 green draconians
  7 black draconians
  8 deep elf demonologists
  6 purple draconians
  30 apis (Pan)
  15 deep elf annihilators
  A lorocyproca (Pan)
  6 red draconians
  9 spark wasps
  6 white draconians
  The ghost of CeeQuu the Fighter, a journeyman MiBe of Trog (Spider:1)
  2 yellow draconians
  5 eidola
  13 ettins
  14 deep elf death magi
  2 pearl dragon zombies (Depths:1)
  2 crystal guardians
  8 death oozes
  5 green deaths
  A merfolk javelineer (Depths:4)
  7 mummy priests
  3 blizzard demons (Pan)
  A minotaur (Lab)
  19 yaktaur captains
  2 merfolk impalers
  A quicksilver dragon zombie (Crypt:2)
  4 deep elf high priests
  5 fire dragons
  Erolcha (Orc:1)
  Harold (D:11)
  10 jiangshi
  33 vault guards
  21 hydras
  17 great orbs of eyes
  2 hell beasts (Pan)
  10 ice dragons
  6 rakshasas
  A quicksilver dragon skeleton (Crypt:2)
  2 ghost crabs (Swamp:3)
  5 monstrous demonspawn (Pan)
  17 centaur warriors
  A spriggan air mage (Depths:5)
  An anaconda (Abyss:4)
  A catoblepas (Lair:6)
  58 two-headed ogres
  13 dancing weapons
  11 deep troll shamans
  12 alligators
  A queen ant (shapeshifter) (Vaults:5)
  22 ogre magi
  12 death knights
  6 death scarabs (Tomb:1)
  9 vampire magi
  18 deep troll earth magi
  4 tengu warriors
  7 hell hogs
  16 thrashing horrors
  2 titan zombies
  13 soul eaters (Pan)
  4 spriggans
  3 orc high priests
  3 spriggan berserkers (Depths:5)
  19 deep elf knights
  3 storm dragon zombies
  Urug (D:10)
  11 sun demons
  2 titan skeletons
  8 wretched stars
  13 skeletal warriors
  5 shadow wraiths
  5 iron trolls
  14 sixfirhies
  15 cherubim (Pan)
  An iron giant zombie (Crypt:1)
  3 spatial maelstroms
  A fire crab (shapeshifter) (Vaults:3)
  23 hell knights
  61 deep trolls
  3 gelid demonspawn (Pan)
  8 wizards
  7 infernal demonspawn (Pan)
  5 shadow demons (Pan)
  A glowing orange brain (shapeshifter) (Vaults:2)
  37 starcursed masses
  19 phantasmal warriors
  A shambling mangrove (Swamp:3)
  4 unseen horrors
  2 spriggan druids (Swamp:4)
  13 flayed ghosts
  19 orc knights
  6 glowing orange brains
  4 torturous demonspawn (Pan)
  5 golden dragon skeletons
  Pikel (D:8)
  16 deep elf archers
  A tengu zombie (Vaults:3)
  9 swamp dragons
  A shadow dragon zombie (Crypt:2)
  3 tengu skeletons
  A mana viper (Abyss:3)
  A mana viper (shapeshifter) (Depths:3)
  31 ironbrand convokers
  14 necromancers
  A sphinx zombie (Vaults:5)
  2 wolf spiders (shapeshifter)
  An anaconda skeleton (Abyss:4)
  21 orb spiders
  33 wolf spiders
  3 harpies
  2 iron dragon zombies (Crypt:2)
  2 shining eyes
  A shadow dragon skeleton (Crypt:2)
  50 ugly things
  2 oklob plants
  20 moths of wrath
  A salamander (shapeshifter) (Vaults:4)
  6 orc sorcerers
  2 iron dragon skeletons
  A moth of wrath (shapeshifter) (Vaults:4)
  70 deep elf magi
  4 apis skeletons (Depths:1)
  9 cyclopes
  2 stone giant skeletons
  A rust devil (Depths:1)
  4 worldbinders
  A fire giant skeleton (Depths:2)
  Joseph (D:7)
  A black mamba (shapeshifter) (Vaults:2)
  23 vault sentinels
  5 apocalypse crabs
  5 ice statues (IceCv)
  A frost giant skeleton (Crypt:2)
  The ghost of arttle the Arsonist, a novice GrFE (D:4)
  3 eyes of devastation
  A torpor snail (Lair:5)
  9 black mambas
  24 smoke demons
  5 spectral swamp worms
  9 orange demons
  A kobold demonologist (Abyss:3)
  A black draconian zombie (Crypt:3)
  30 spiny frogs
  A shock serpent skeleton (Crypt:3)
  2 hellions
  A rime drake (shapeshifter) (Depths:2)
  6 efreet
  2 ice devils
  11 hellwings
  76 yaktaurs
  17 small abominations
  9 freezing wraiths
  2 tormentors (Pan)
  2 rime drakes
  A golden dragon simulacrum (IceCv)
  4 tengu conjurers
  A yaktaur (shapeshifter) (Vaults:3)
  31 guardian mummies
  A spark wasp simulacrum (Depths:3)
  An anaconda simulacrum (IceCv)
  A yellow draconian skeleton (Crypt:3)
  8 red devils (Pan)
  14 komodo dragons
  A catoblepas skeleton (Crypt:2)
  A grey draconian skeleton (Crypt:2)
  A polar bear (shapeshifter) (Elf:3)
  16 ancient zymes
  37 jumping spiders
  13 trolls
  16 demonic crawlers
  A queen bee (shapeshifter) (Vaults:1)
  A merfolk (D:13)
  7 polar bears (Lair:2)
  A queen bee (Spider:4)
  8 tyrant leeches
  19 hornets
  A jumping spider (shapeshifter) (Depths:1)
  An ettin zombie (Crypt:2)
  24 raiju
  Prince Ribbit (D:8)
  A snapping turtle (shapeshifter) (Depths:2)
  13 bog bodies
  3 harpy skeletons
  A wolf spider simulacrum (Crypt:3)
  40 large abominations
  8 hippogriffs
  19 blink frogs
  A sphinx simulacrum (Depths:1)
  102 slime creatures
  29 dream sheep
  2 fire giant simulacra
  2 ettin skeletons
  A raiju (shapeshifter) (Depths:4)
  3 human simulacra
  A spriggan (shapeshifter) (Elf:3)
  24 flying skulls
  4 shadows
  40 tarantellas
  72 redbacks
  14 ynoxinuls
  A fire dragon zombie (Crypt:2)
  6 air elementals
  A redback (shapeshifter) (Abyss:3)
  2 dire elephant simulacra (IceCv)
  2 spriggan skeletons
  A yak (shapeshifter) (Abyss:4)
  12 ushabtiu
  14 wraiths
  A wind drake zombie (Crypt:1)
  A vampire (D:15)
  4 wyverns
  3 fire elementals
  6 fire bats
  15 water elementals
  47 yaks
  A basilisk (Lair:3)
  A spriggan simulacrum (Depths:2)
  A basilisk (shapeshifter) (Depths:1)
  19 vampire mosquitoes
  21 neqoxecs
  3 golden eyes (Slime:3)
  2 hungry ghosts
  A steam dragon (D:11)
  A catoblepas simulacrum (Abyss:3)
  The ghost of digijack the Insei, an amateur DsTm (D:3)
  17 chaos spawn
  2 spatial vortices (Abyss:3)
  2 harpy simulacra
  A soldier ant (shapeshifter) (D:14)
  A two-headed ogre zombie (Crypt:1)
  3 insubstantial wisps (Swamp:2)
  An iron troll simulacrum (IceCv)
  A naga (shapeshifter) (Vaults:4)
  2 soldier ants
  6 wargs
  A swamp worm (shapeshifter) (Depths:2)
  3 acid dragons
  2 hydra simulacra (IceCv)
  21 swamp worms
  6 hell hounds (Depths:2)
  A gelid demonspawn skeleton (Crypt:1)
  9 porcupines
  16 water moccasins
  A hornet zombie (D:15)
  13 swamp drakes
  A snapping turtle zombie (Crypt:3)
  5 sky beasts
  A swamp dragon zombie (Crypt:1)
  10 black bears
  A torturous demonspawn skeleton (Crypt:3)
  12 ice beasts
  55 orc warriors
  5 ettin simulacra
  2 fire dragon simulacra
  2 manticore zombies
  2 phantoms
  6 eyes of draining
  A dream sheep zombie (Crypt:1)
  47 ogres
  A tengu (shapeshifter) (Vaults:4)
  3 wolves (Lair:5)
  17 boggarts
  29 centaurs
  2 snapping turtle skeletons
  9 crocodiles
  A crocodile (shapeshifter) (Depths:4)
  3 elf zombies
  A bullfrog (shapeshifter) (Vaults:1)
  A big kobold (D:11)
  25 bullfrogs
  3 gnoll sergeants
  6 earth elementals
  A wyvern zombie (D:13)
  3 scorpions
  15 killer bees
  A troll skeleton (Crypt:2)
  18 wights
  A howler monkey (D:10)
  2 jellies
  6 electric eels
  A yaktaur simulacrum (Vaults:1)
  6 crimson imps
  4 hounds
  4 centaur zombies
  A quasit (Abyss:3)
  2 bullfrog zombies (D:10)
  4 human zombies (D:7)
  17 orc priests
  20 orc wizards
  5 bullfrog skeletons
  3 centaur skeletons
  3 iron imps
  Crazy Yiuf (D:2)
  Jessica (D:2)
  4 gnoll shamans
  7 iguanas
  2 human skeletons
  10 worker ants
  A killer bee zombie (D:9)
  2 ogre zombies (D:7)
  A crocodile zombie (Crypt:3)
  19 mummies
  47 gnolls
  17 adders
  A steam dragon skeleton (Crypt:2)
  6 shadow imps
  2 ufetubi
  An ooze (D:2)
  3 adder zombies
  A halfling zombie (Crypt:2)
  3 adder skeletons
  A halfling skeleton (Crypt:3)
  6 worms
  A dart slug (D:2)
  4 leopard geckos
  99 orcs
  A ball python (D:1)
  2 giant cockroaches (D:2)
  A gnoll zombie (Crypt:3)
  5 goblins
  9 hobgoblins
  29 jackals
  9 quokkas
  5 bats
  7 frilled lizards
  A jackal skeleton (D:7)
  15 kobolds
  A leopard gecko zombie (D:6)
  A quokka skeleton (D:6)
  7 rats
  A crawling corpse (Elf:3)
  2 fungi (Orc:2)
  3 lurking horrors
  A plant (Lair:5)
  11 starspawn tentacles
3503 creatures vanquished.

Vanquished Creatures (collateral kills)
  the Royal Jelly (Slime:5)
  A balrug (Pan)
2 creatures vanquished.

Vanquished Creatures (others)
  A pandemonium lord (Pan)
  Nikola (Spider:3)
  An eldritch tentacle (Pan)
  An ogre mage (D:14)
  A deep elf knight (Elf:3)
  An orc knight (Vaults:1)
  A deep elf mage (Elf:3)
  An ugly thing (Vaults:1)
  A moth of wrath (Zot:5)
  A komodo dragon (shapeshifter) (Vaults:5)
  A water elemental (Depths:4)
  A golden eye (Abyss:4)
  A small abomination (Abyss:4)
  2 slaves (D:8)
  A water moccasin skeleton (D:8)
  3 orcs
  14 fungi
  A lurking horror (Abyss:3)
  43 plants
  25 starspawn tentacles
102 creatures vanquished.

Grand Total: 3607 creatures vanquished

Notes
Turn   | Place    | Note
-------+----------+-------------------------------------------
     0 | D:1      | mopl the Formicid Hunter began the quest for the Orb.
     0 | D:1      | Reached XP level 1. HP: 16/16 MP: 1/1
   147 | D:1      | Reached XP level 2. HP: 22/22 MP: 2/2
   632 | D:1      | You fall through a shaft!
   738 | D:2      | Reached XP level 3. HP: 27/27 MP: 3/3
   942 | D:2      | Found a glowing silver altar of Zin.
   963 | D:2      | Reached skill level 5 in Crossbows
  1035 | D:1      | Reached XP level 4. HP: 25/33 MP: 4/4
  1220 | D:2      | Noticed Jessica
  1224 | D:2      | Killed Jessica
  1224 | D:2      | Reached skill level 6 in Crossbows
  1224 | D:2      | Reached XP level 5. HP: 38/38 MP: 5/5
  1414 | D:2      | Found a runed door.
  1422 | D:2      | Noticed Crazy Yiuf
  1429 | D:2      | HP: 1/38 [Crazy Yiuf/quarterstaff of chaos (1)]
  1453 | D:2      | HP: 1/38 [poisoned by Crazy Yiuf]
  1458 | D:2      | HP: 1/38 [poisoned by Crazy Yiuf]
  1463 | D:2      | HP: 1/38 [poisoned by Crazy Yiuf]
  1519 | D:2      | Killed Crazy Yiuf
  1869 | D:3      | Reached XP level 6. HP: 44/44 MP: 6/6
  1890 | D:3      | Reached skill level 7 in Crossbows
  2331 | D:3      | Reached XP level 7. HP: 45/50 MP: 7/7
  2380 | D:3      | Reached skill level 8 in Crossbows
  2771 | D:3      | Reached skill level 9 in Crossbows
  3175 | D:3      | Reached XP level 8. HP: 54/56 MP: 8/8
  3556 | D:3      | Noticed digijack's ghost (amateur DsTm)
  3619 | D:3      | Killed digijack's ghost
  3858 | D:4      | Noticed arttle's ghost (novice GrFE)
  3894 | D:4      | Killed arttle's ghost
  3894 | D:4      | Reached skill level 10 in Crossbows
  4054 | D:4      | Found a radiant altar of Vehumet.
  4135 | D:4      | Reached skill level 1 in Armour
  4603 | D:4      | Found a shattered altar of Ashenzari.
  4847 | D:5      | Entered Level 5 of the Dungeon
  4888 | D:5      | Reached XP level 9. HP: 50/62 MP: 9/9
  4968 | D:5      | Found a snail-covered altar of Cheibriados.
  5124 | D:5      | Found a shimmering altar of Xom.
  5156 | D:5      | Found Hufism's General Store.
  5161 | D:5      | Bought a scroll of teleportation for 33 gold pieces
  5313 | D:5      | Found a staircase to the Ecumenical Temple.
  5334 | Temple   | Entered the Ecumenical Temple
  5402 | Temple   | Became a worshipper of Warmaster Okawaru
  5517 | D:5      | Reached skill level 11 in Crossbows
  5517 | D:5      | Reached skill level 2 in Armour
  5726 | D:5      | Reached skill level 3 in Fighting
  5726 | D:5      | Reached skill level 1 in Invocations
  6227 | D:5      | Reached skill level 2 in Invocations
  6513 | D:5      | Reached * piety under Okawaru
  6513 | D:5      | Reached skill level 3 in Armour
  6719 | D:6      | Reached skill level 4 in Fighting
  6823 | D:6      | Reached skill level 3 in Invocations
  6909 | D:6      | Got a coiled bone ring
  6912 | D:6      | Identified the ring "Yfuzxefy" {rElec Str+6 SInv} (You took it off an orc on level 6 of the Dungeon)
  6987 | D:6      | Learned a level 1 spell: Apportation
  6989 | D:6      | Learned a level 1 spell: Animate Skeleton
  7326 | D:6      | Found a bloodstained altar of Trog.
  7629 | D:6      | Noticed a troll
  7793 | D:6      | Reached skill level 4 in Armour
  7793 | D:6      | Reached XP level 10. HP: 73/73 MP: 12/12
  7869 | D:6      | Reached ** piety under Okawaru
  7869 | D:6      | Reached skill level 4 in Invocations
  8026 | D:7      | Reached skill level 5 in Fighting
  8117 | D:7      | Reached skill level 12 in Crossbows
  8246 | D:7      | Found a basalt altar of Yredelemnul.
  8350 | D:7      | Found a glowing golden altar of the Shining One.
  8390 | D:7      | Reached skill level 5 in Invocations
  8695 | D:7      | Noticed Joseph
  8702 | D:7      | Killed Joseph
  8820 | D:7      | Reached *** piety under Okawaru
  9209 | D:8      | Noticed Pikel
  9228 | D:8      | Killed Pikel
  9228 | D:8      | Reached skill level 5 in Armour
  9259 | D:8      | Reached skill level 6 in Fighting
  9355 | D:8      | Noticed Prince Ribbit
  9366 | D:8      | Killed Prince Ribbit
  9366 | D:8      | Reached skill level 6 in Invocations
  9518 | D:7      | Received a gift from Okawaru
  9743 | D:8      | Reached XP level 11. HP: 59/81 MP: 15/15
  9804 | D:8      | Noticed a two-headed ogre
  9812 | D:8      | Killed a two-headed ogre
  9812 | D:8      | Reached skill level 13 in Crossbows
  9828 | D:8      | Noticed a two-headed ogre
  9841 | D:8      | Killed a two-headed ogre
  9841 | D:8      | Reached skill level 6 in Armour
  9844 | D:8      | Reached skill level 7 in Invocations
  9983 | D:8      | Found Jykkov's Gadget Shop.
 10035 | D:8      | Noticed a two-headed ogre
 10042 | D:8      | Killed a two-headed ogre
 10042 | D:8      | Reached **** piety under Okawaru
 10042 | D:8      | Reached skill level 7 in Fighting
 10413 | D:9      | Received a gift from Okawaru
 10991 | D:9      | Found a white marble altar of Elyvilon.
 11204 | D:10     | Entered Level 10 of the Dungeon
 11510 | D:10     | Reached skill level 7 in Armour
 11582 | D:10     | Noticed Urug
 11590 | D:10     | Killed Urug
 11590 | D:10     | Received a gift from Okawaru
 11748 | D:10     | Received a gift from Okawaru
 12106 | D:10     | Reached skill level 14 in Crossbows
 12106 | D:10     | Reached skill level 8 in Invocations
 12106 | D:10     | Reached XP level 12. HP: 89/91 MP: 18/18
 12121 | D:10     | Noticed Sonja
 12122 | D:10     | Noticed Sonja
 12122 | D:10     | Sonja changed into Sonja the troll
 12132 | D:10     | Killed Sonja the troll
 12169 | D:10     | Noticed a two-headed ogre
 12302 | D:10     | Killed a two-headed ogre
 12302 | D:10     | Reached ***** piety under Okawaru
 12302 | D:10     | Received a gift from Okawaru
 12302 | D:10     | Reached skill level 1 in Shields
 12586 | D:10     | Noticed a two-headed ogre
 12595 | D:10     | Killed a two-headed ogre
 12595 | D:10     | Reached skill level 2 in Shields
 12913 | D:11     | Found a staircase to the Orcish Mines.
 13171 | D:11     | Received a gift from Okawaru
 13428 | D:11     | Reached skill level 8 in Fighting
 13511 | D:11     | Reached skill level 8 in Armour
 13516 | D:11     | Reached skill level 3 in Shields
 13582 | D:11     | Noticed Harold
 13596 | D:11     | Killed Harold
 13596 | D:11     | Received a gift from Okawaru
 13729 | D:11     | Found a staircase to the Lair.
 13791 | Orc:1    | Entered Level 1 of the Orcish Mines
 13978 | Orc:1    | Noticed Erolcha
 13997 | Orc:1    | Killed Erolcha
 13997 | Orc:1    | Received a gift from Okawaru
 14197 | Orc:2    | Entered Level 2 of the Orcish Mines
 14273 | Orc:2    | Noticed an orc high priest
 14296 | Orc:2    | Found Qune's Antique Weapon Boutique.
 14381 | Orc:2    | Noticed a soul eater
 14385 | Orc:1    | Reached skill level 9 in Invocations
 14464 | Orc:1    | Killed an orc high priest
 14464 | Orc:1    | Reached skill level 4 in Shields
 14571 | Orc:2    | Found Hujur's General Store.
 14581 | Orc:2    | Bought a potion of resistance for 140 gold pieces
 14652 | Orc:2    | Received a gift from Okawaru
 14652 | Orc:2    | Reached XP level 13. HP: 38/99 MP: 19/19
 14905 | Orc:2    | Reached skill level 15 in Crossbows
 14909 | Orc:2    | Noticed an orc warlord
 14935 | Orc:1    | Killed an orc warlord
 14935 | Orc:1    | Reached skill level 9 in Fighting
 14935 | Orc:1    | Reached skill level 9 in Armour
 14935 | Orc:1    | Reached skill level 5 in Shields
 15014 | Orc:2    | Found a staircase to the Elven Halls.
 15307 | Orc:2    | Found Aneri's Antique Armour Shop.
 15392 | Orc:2    | Bought a pair of glowing boots for 232 gold pieces
 15563 | Orc:2    | Found Tobruhet's Book Shoppe.
 15683 | Orc:2    | Reached skill level 10 in Invocations
 15706 | Orc:2    | Found a roughly hewn altar of Beogh.
 15811 | Orc:1    | Found Heungurosyrr's Assorted Antiques.
 15835 | Orc:1    | Bought a scroll labeled AXAYRINN DEITZ for 21 gold pieces
 15835 | Orc:1    | Bought a fuming inky potion for 18 gold pieces
 15835 | Orc:1    | Bought a scroll labeled AMOTZI JANLIRI for 21 gold pieces
 15835 | Orc:1    | Bought a scroll labeled BASHRY FUILLE for 21 gold pieces
 15835 | Orc:1    | Bought a scroll labeled AXAYRINN DEITZ for 21 gold pieces
 15954 | Orc:1    | Reached skill level 6 in Shields
 16357 | Lair:1   | Entered Level 1 of the Lair of Beasts
 16745 | Lair:1   | Found a stormy altar of Qazlal.
 17598 | Lair:2   | Reached skill level 10 in Fighting
 17646 | Lair:2   | Found a labyrinth entrance.
 17655 | Lair:2   | Noticed a four-headed hydra
 17666 | Lair:2   | Killed a four-headed hydra
 17666 | Lair:2   | Received a gift from Okawaru
 17667 | Lair:2   | Reached XP level 14. HP: 68/110 MP: 21/21
 17711 | Lair:2   | Received a gift from Okawaru
 17744 | Lab      | Entered a labyrinth
 17921 | Lab      | Reached skill level 16 in Crossbows
 17921 | Lab      | Reached skill level 10 in Armour
 18005 | Lair:2   | Reached skill level 7 in Shields
 18598 | Lair:2   | Found a blossoming altar of Fedhas.
 19893 | Lair:3   | Found a staircase to the Swamp.
 20004 | Lair:3   | Reached skill level 8 in Shields
 20198 | Lair:3   | You are sucked into a shaft!
 20235 | Lair:4   | Found a hole to the Spider Nest.
 20462 | Lair:4   | Reached skill level 11 in Fighting
 20504 | Lair:4   | Received a gift from Okawaru
 21878 | D:12     | Reached skill level 11 in Armour
 21976 | D:12     | Reached XP level 15. HP: 103/119 MP: 22/22
 22185 | D:12     | Reached skill level 9 in Shields
 22205 | D:12     | Received a gift from Okawaru
 22301 | D:12     | Noticed Maurice
 22302 | D:12     | Noticed Maurice
 22302 | D:12     | Maurice changed into Maurice the spiny frog
 22326 | D:12     | Killed Maurice the spiny frog
 22388 | D:12     | Reached skill level 17 in Crossbows
 22698 | D:13     | Reached ****** piety under Okawaru
 22698 | D:13     | Received a gift from Okawaru
 23165 | D:13     | Received a gift from Okawaru
 24763 | D:14     | Received a gift from Okawaru
 24823 | D:14     | Reached skill level 12 in Fighting
 25333 | D:14     | Noticed AdmiralAndromeda's ghost (journeyman DrTm)
 25363 | D:14     | Killed AdmiralAndromeda's ghost
 25400 | D:14     | Found a gate to the Vaults.
 25603 | D:14     | Reached skill level 11 in Invocations
 25724 | D:15     | Entered Level 15 of the Dungeon
 25738 | D:15     | Reached skill level 12 in Armour
 26167 | D:15     | Found an iron altar of Okawaru.
 26185 | D:15     | Reached skill level 18 in Crossbows
 26185 | D:15     | Reached XP level 16. HP: 128/128 MP: 24/24
 26435 | D:15     | Found a staircase to the Depths.
 27141 | Lair:5   | Received a gift from Okawaru
 28144 | Lair:6   | Entered Level 6 of the Lair of Beasts
 28395 | Lair:6   | Reached skill level 12 in Invocations
 28415 | Lair:6   | Reached skill level 2 in Dodging
 28586 | Lair:6   | Received a gift from Okawaru
 28597 | Lair:6   | Got a polished shield {god gift}
 28609 | Lair:6   | Identified the +0 shield "Jainos" {Regen+ Str+3} (Okawaru gifted it to you on level 6 of the Lair of Beasts)
 29114 | Lair:6   | Reached skill level 13 in Fighting
 29724 | Lair:6   | Found a viscous altar of Jiyva.
 29724 | Lair:6   | Found a staircase to the Slime Pits.
 29724 | Lair:6   | Noticed an acid blob
 29725 | Lair:6   | Found a runed door.
 30136 | Spider:1 | Entered Level 1 of the Spider Nest
 30148 | Spider:1 | Noticed CeeQuu's ghost (journeyman MiBe)
 30184 | Spider:1 | Killed CeeQuu's ghost
 30204 | Spider:1 | Reached skill level 3 in Dodging
 30218 | Spider:1 | Reached skill level 13 in Armour
 30224 | Spider:1 | Reached XP level 17. HP: 126/137 MP: 26/26
 30524 | Spider:1 | Noticed Roxanne
 30529 | Spider:1 | Killed Roxanne
 30529 | Spider:1 | Reached skill level 19 in Crossbows
 30581 | Spider:1 | Received a gift from Okawaru
 31445 | Spider:2 | Received a gift from Okawaru
 31670 | Spider:2 | Reached skill level 4 in Dodging
 32251 | Spider:3 | Reached skill level 13 in Invocations
 32482 | Spider:3 | Received a gift from Okawaru
 32614 | Spider:3 | Noticed Nikola
 32628 | Spider:3 | Killed Nikola
 32642 | Spider:3 | Received a gift from Okawaru
 32642 | Spider:3 | Reached skill level 5 in Dodging
 32642 | Spider:3 | Reached XP level 18. HP: 81/145 MP: 27/27
 32653 | Spider:3 | Reached skill level 14 in Fighting
 33524 | Spider:4 | Entered Level 4 of the Spider Nest
 33631 | Spider:4 | Noticed AdmiralAndromeda's ghost (adept DDFi)
 33646 | Spider:4 | Killed AdmiralAndromeda's ghost
 33692 | Spider:4 | Noticed Jorgrun
 33700 | Spider:4 | Killed Jorgrun
 33700 | Spider:4 | Reached skill level 14 in Armour
 33831 | Spider:4 | Learned a level 2 spell: Corpse Rot
 34255 | Spider:4 | Reached skill level 20 in Crossbows
 34400 | Spider:4 | Reached skill level 6 in Dodging
 34578 | Spider:4 | Received a gift from Okawaru
 34630 | Spider:4 | Got a gossamer rune of Zot
 34644 | Spider:4 | Got a translucent spear {god gift}
 34645 | Spider:4 | Identified the +7 spear "Tariam" {pierce, *Slow rPois Dex+8 Stlth+} (Okawaru gifted it to you on level 4 of the Spider Nest)
 35021 | Vaults:1 | Entered Level 1 of the Vaults
 35238 | Vaults:1 | Received a gift from Okawaru
 35304 | D:14     | Reached XP level 19. HP: 130/153 MP: 28/28
 35334 | D:14     | Received a gift from Okawaru
 35477 | D:14     | Received a gift from Okawaru
 35477 | D:14     | Reached skill level 7 in Dodging
 35481 | D:14     | Got a pair of crude gloves {god gift}
 35492 | D:14     | Identified the +2 pair of gloves of the Pits of Slime {rPois rN+ Dex+4 Stlth+} (Okawaru gifted it to you on level 14 of the Dungeon)
 35864 | Vaults:1 | Found Aschiuxeu's Weapon Boutique.
 35892 | Vaults:1 | Bought 20 bolts for 72 gold pieces
 35947 | Vaults:1 | Reached skill level 15 in Fighting
 35956 | Vaults:1 | Reached skill level 10 in Shields
 36474 | Vaults:1 | Reached skill level 15 in Armour
 37121 | Swamp:1  | Entered Level 1 of the Swamp
 37238 | Swamp:1  | Found a hide-covered altar of Uskayaw.
 37432 | Swamp:1  | Reached skill level 1 in Evocations
 37633 | Swamp:1  | Reached skill level 21 in Crossbows
 37989 | Swamp:2  | Received a gift from Okawaru
 38201 | Swamp:2  | Found a frozen archway.
 38221 | IceCv    | Entered an ice cave
 38225 | IceCv    | Reached skill level 2 in Evocations
 38383 | IceCv    | Received a gift from Okawaru
 38452 | IceCv    | Identified the Volume of Evil Moulding
 38708 | Swamp:2  | Reached skill level 8 in Dodging
 39041 | Swamp:3  | Identified the amulet of Leeweidgh {RegenMP *Corrode +Fly rElec rF++} (You found it on level 3 of the Swamp)
 39083 | Swamp:3  | Reached XP level 20. HP: 163/163 MP: 29/29
 39176 | Swamp:3  | Noticed Mara
 39197 | Swamp:3  | Reached skill level 3 in Evocations
 39202 | Swamp:3  | Killed Mara
 39202 | Swamp:3  | Received a gift from Okawaru
 39362 | Swamp:3  | Received a gift from Okawaru
 39372 | Swamp:3  | Got an ebony hand crossbow {god gift}
 39373 | Swamp:3  | Identified the +2 hand crossbow of the Modern Deaths {flame, *Slow rPois rN+ Dex+10} (Okawaru gifted it to you on level 3 of the Swamp)
 39469 | Swamp:3  | Reached skill level 4 in Evocations
 39893 | Swamp:4  | Entered Level 4 of the Swamp
 40329 | Swamp:4  | Got a decaying rune of Zot
 41009 | Elf:1    | Entered Level 1 of the Elven Halls
 41076 | Elf:1    | Reached skill level 5 in Evocations
 41082 | Orc:2    | Received a gift from Okawaru
 41299 | Elf:1    | Noticed Asterion
 41302 | Elf:1    | Killed Asterion
 41483 | Elf:1    | Found Idat's General Store.
 41494 | Elf:1    | Bought a potion of agility for 52 gold pieces
 41494 | Elf:1    | Bought a scroll of identify for 26 gold pieces
 41585 | Elf:1    | Found Boecluh's Armour Emporium.
 41586 | Elf:1    | Found Xutzaix's Weapon Shoppe.
 41586 | Elf:1    | Found Vaodoqit's Food Emporium.
 41593 | Elf:1    | Found Qimnaem's Distillery.
 41603 | Elf:1    | Bought a potion of heal wounds for 85 gold pieces
 41603 | Elf:1    | Bought a potion of curing for 51 gold pieces
 41603 | Elf:1    | Bought a potion of might for 68 gold pieces
 41603 | Elf:1    | Bought a potion of invisibility for 136 gold pieces
 41674 | Elf:1    | Received a gift from Okawaru
 41674 | Elf:1    | Reached skill level 9 in Dodging
 42083 | Elf:2    | Received a gift from Okawaru
 42083 | Elf:2    | Reached XP level 21. HP: 161/170 MP: 30/30
 42123 | Elf:2    | Found a runed gate.
 42124 | Elf:2    | Reached skill level 16 in Fighting
 42124 | Elf:2    | Reached skill level 6 in Evocations
 42134 | Elf:2    | Found a runed gate.
 42136 | Elf:2    | Found a runed gate.
 42529 | Elf:3    | Entered Level 3 of the Elven Halls
 42574 | Elf:3    | Found Axeilok's Distillery.
 42579 | Elf:3    | Bought a potion of curing for 45 gold pieces
 42579 | Elf:3    | Bought a potion of agility for 60 gold pieces
 42579 | Elf:3    | Bought a potion of might for 60 gold pieces
 42579 | Elf:3    | Bought a potion of might for 60 gold pieces
 42579 | Elf:3    | Bought a potion of curing for 45 gold pieces
 42579 | Elf:3    | Bought a potion of might for 60 gold pieces
 42579 | Elf:3    | Bought a potion of curing for 45 gold pieces
 42579 | Elf:3    | Bought a potion of agility for 60 gold pieces
 42656 | Elf:2    | Reached skill level 16 in Armour
 42727 | Elf:3    | Reached skill level 22 in Crossbows
 43354 | Elf:3    | Reached skill level 7 in Evocations
 43609 | D:5      | Bought a book of Debilitation for 440 gold pieces
 43613 | D:5      | Learned a level 3 spell: Portal Projectile
 43897 | Elf:3    | Received a gift from Okawaru
 43897 | Elf:3    | Reached skill level 1 in Hexes
 43902 | Elf:3    | Reached skill level 1 in Translocations
 43935 | Elf:3    | Reached skill level 2 in Hexes
 43970 | Elf:3    | Reached skill level 2 in Translocations
 43996 | Elf:3    | Received a gift from Okawaru
 43996 | Elf:3    | Reached skill level 3 in Hexes
 44031 | Elf:3    | Reached skill level 3 in Translocations
 44053 | Elf:3    | Reached skill level 4 in Hexes
 44063 | Elf:3    | Got a shimmering emerald amulet
 44069 | Elf:3    | Got a citrine-studded leather armour
 44078 | Elf:3    | Identified the amulet "Togicky" {Reflect rElec Int+2 SH+3} (You took it off a deep elf death mage on level 3 of the Elven Halls)
 44085 | Elf:3    | Got a translucent turquoise ring
 44086 | Elf:3    | Identified the ring of Joenypt {rPois MP+9 Str+9 Dex-2} (You took it off a deep elf mage on level 3 of the Elven Halls)
 44164 | Elf:3    | Got an uncursed fine dire flail {protect}
 44171 | Elf:3    | Identified the +2 dire flail "Ymyto" {protect, +Blink MR+} (You took it off a deep elf archer on level 3 of the Elven Halls)
 44199 | Elf:3    | Got a twisted great sword {slice}
 44200 | Elf:3    | Identified the +1 great sword "Limeelorgh" {slice, rPois} (You took it off a deep elf annihilator on level 3 of the Elven Halls)
 44221 | Elf:3    | Got a pitted marble ring
 44227 | Elf:3    | Reached skill level 5 in Hexes
 44227 | Elf:3    | Reached skill level 8 in Evocations
 44227 | Elf:3    | Reached XP level 22. HP: 178/178 MP: 31/31
 44234 | Elf:3    | Reached skill level 4 in Translocations
 44385 | Elf:3    | Received a gift from Okawaru
 44436 | Elf:3    | Got a scorched scimitar {slice}
 44437 | Elf:3    | Identified the +6 scimitar "Xapiw" {slice, MR+} (You took it off a deep elf annihilator on level 3 of the Elven Halls)
 44586 | Elf:3    | Identified the ring "Uma Keck" {Wiz Dex+2 Slay+3 SInv} (You took it off a deep elf death mage on level 3 of the Elven Halls)
 44601 | Elf:3    | Got a dazzling plate armour
 44612 | Elf:3    | Identified the +10 plate armour of Weirdness {rPois rCorr Dex+3} (You found it on level 3 of the Elven Halls)
 44628 | Elf:3    | Identified the +0 leather armour of Fortitude {SInv} (You took it off a deep elf death mage on level 3 of the Elven Halls)
 44685 | Elf:3    | Got a pair of brightly glowing boots
 44696 | Elf:3    | Identified the cursed +0 pair of boots "Mupumm" {MR+ MP-9 Int+2} (You found it on level 3 of the Elven Halls)
 45148 | Vaults:1 | Reached skill level 6 in Hexes
 45467 | Vaults:2 | Reached skill level 5 in Translocations
 45471 | Vaults:2 | Reached skill level 7 in Hexes
 45687 | Vaults:2 | Found Sosyston's Jewellery Boutique.
 45810 | Vaults:2 | Reached skill level 9 in Evocations
 45838 | Vaults:2 | Received a gift from Okawaru
 45962 | Vaults:2 | Reached skill level 6 in Translocations
 45966 | Vaults:2 | Reached skill level 8 in Hexes
 46099 | Vaults:2 | Noticed Aizul
 46112 | Vaults:2 | Killed Aizul
 47023 | Vaults:3 | Reached skill level 9 in Hexes
 47209 | Vaults:3 | Reached skill level 23 in Crossbows
 47257 | Vaults:3 | Reached skill level 7 in Translocations
 47257 | Vaults:3 | Reached XP level 23. HP: 184/184 MP: 20/32
 47474 | Vaults:3 | Received a gift from Okawaru
 47637 | Vaults:3 | Received a gift from Okawaru
 47703 | Vaults:3 | Reached skill level 1 in Spellcasting
 47924 | Vaults:3 | Found a staircase to the Crypt.
 47970 | Vaults:3 | Reached skill level 2 in Spellcasting
 48203 | Vaults:3 | Reached skill level 10 in Hexes
 48220 | Vaults:3 | Reached skill level 10 in Evocations
 48346 | Vaults:3 | Received a gift from Okawaru
 48398 | Vaults:3 | Reached skill level 3 in Spellcasting
 48398 | Vaults:3 | Reached skill level 8 in Translocations
 48716 | Vaults:4 | Found Lurphajue's General Store.
 48728 | Vaults:4 | Bought a scroll of fog for 28 gold pieces
 48738 | Vaults:4 | Reached skill level 1 in Necromancy
 49186 | Vaults:3 | Reached skill level 2 in Necromancy
 49323 | Vaults:4 | Received a gift from Okawaru
 49334 | Vaults:4 | Reached skill level 11 in Hexes
 49569 | Vaults:4 | Received a gift from Okawaru
 49589 | Vaults:4 | Received a gift from Okawaru
 49651 | Vaults:4 | Reached skill level 9 in Translocations
 49721 | Vaults:4 | Reached skill level 4 in Spellcasting
 49736 | Vaults:4 | Reached XP level 24. HP: 137/191 MP: 23/32
 49883 | Vaults:4 | Received a gift from Okawaru
 49909 | Vaults:4 | Received a gift from Okawaru
 49928 | Vaults:4 | Got a steaming hand crossbow {god gift}
 49929 | Vaults:4 | Identified the +1 hand crossbow of Kismet {flame, *Slow MR+++ Int+5} (Okawaru gifted it to you on level 4 of the Vaults)
 50126 | Vaults:4 | Reached skill level 12 in Hexes
 50147 | Vaults:4 | Reached skill level 3 in Necromancy
 50671 | Vaults:4 | Received a gift from Okawaru
 50767 | Vaults:4 | Reached skill level 5 in Spellcasting
 50912 | Vaults:4 | Reached skill level 10 in Translocations
 51397 | Slime:1  | Entered Level 1 of the Pits of Slime
 51638 | Slime:2  | Reached skill level 4 in Necromancy
 52480 | Slime:4  | Received a gift from Okawaru
 52480 | Slime:4  | Reached skill level 13 in Hexes
 52640 | Slime:5  | Entered Level 5 of the Pits of Slime
 52741 | Slime:5  | Reached skill level 10 in Dodging
 53012 | Slime:5  | Noticed the Royal Jelly
 53012 | Slime:5  | Reached skill level 5 in Necromancy
 53058 | Slime:5  | Killed the Royal Jelly
 53058 | Slime:5  | Reached skill level 6 in Spellcasting
 53058 | Slime:5  | Reached XP level 25. HP: 199/199 MP: 12/32
 53060 | Slime:5  | Was placed under penance by Okawaru
 53062 | Slime:5  | Gained mutation: Your body sometimes deteriorates upon taking damage. [a shining eye]
 53273 | Slime:5  | Got a slimy rune of Zot
 53279 | Slime:5  | Got a bloodstained chain mail
 53302 | Slime:5  | Got a smoking turquoise ring
 53313 | Slime:5  | Identified The Last Handbook of Boris
 53353 | Slime:5  | Identified the cursed ring of New Discoveries {EV-2 Dex+5} (You found it on level 5 of the Pits of Slime)
 53360 | Slime:5  | Got a sparkling ivory ring
 53361 | Slime:5  | Identified the ring "Mikegan" {rPois rC- MR++ Int+2 Stlth+} (You found it on level 5 of the Pits of Slime)
 53407 | Slime:5  | Reached skill level 24 in Crossbows
 53647 | Lair:1   | Identified the cursed +1 chain mail of Agnosticism {rElec} (You found it on level 5 of the Pits of Slime)
 53798 | Depths:1 | Entered Level 1 of the Depths
 54801 | Depths:1 | Reached skill level 6 in Necromancy
 54859 | Depths:1 | Found a basalt altar of Yredelemnul.
 54901 | Depths:1 | Was forgiven by Okawaru
 55206 | Depths:1 | Found a gateway to a ziggurat.
 55337 | Depths:1 | Found a gateway to Hell.
 55545 | Depths:2 | Received a gift from Okawaru
 55567 | Depths:2 | Reached skill level 7 in Spellcasting
 55589 | Depths:2 | Gained mutation: You occasionally shout uncontrollably at your foes. [mutagenic meat]
 55590 | Depths:2 | Gained mutation: You are agile. (Dex +2) [mutagenic meat]
 55591 | Depths:2 | Gained mutation: You are partially covered in molten scales. (AC +2) [mutagenic meat]
 55592 | Depths:2 | Gained mutation: You possess an exceptional clarity of mind. [mutagenic meat]
 55594 | Depths:2 | Gained mutation: Armour fits poorly on your strangely shaped body. [mutagenic meat]
 55819 | Depths:2 | Reached skill level 17 in Armour
 55881 | Depths:2 | Reached skill level 17 in Fighting
 55925 | Depths:2 | Received a gift from Okawaru
 55952 | Depths:2 | Reached skill level 7 in Necromancy
 55975 | Depths:2 | Reached XP level 26. HP: 159/208 MP: 25/34
 55993 | Depths:2 | Lost mutation: You are agile. (Dex +2) [mutagenic meat]
 55994 | Depths:2 | Gained mutation: Potions are less effective at restoring your health. [mutagenic meat]
 55996 | Depths:2 | Gained mutation: You are mostly covered in molten scales. (AC +3) [mutagenic meat]
 55997 | Depths:2 | Gained mutation: You sometimes yell uncontrollably at your foes. [mutagenic meat]
 56039 | Depths:2 | Received a gift from Okawaru
 56123 | Depths:2 | Gained mutation: Your magical capacity is low. (-10% MP) [mutagenic meat]
 56125 | Depths:2 | Gained mutation: You are clumsy. (Dex -2) [mutagenic meat]
 56492 | Elf:3    | Bought a potion of mutation for 120 gold pieces
 56551 | Elf:1    | Bought a potion of mutation for 136 gold pieces
 56551 | Elf:1    | Bought 2 potions of mutation for 272 gold pieces
 56551 | Elf:1    | Bought a potion of mutation for 136 gold pieces
 56551 | Elf:1    | Bought a potion of lignification for 51 gold pieces
 56626 | Lair:1   | Lost mutation: Your magical capacity is low. (-10% MP) [potion of mutation]
 56626 | Lair:1   | Lost mutation: You are clumsy. (Dex -2) [potion of mutation]
 56626 | Lair:1   | Lost mutation: Armour fits poorly on your strangely shaped body. [potion of mutation]
 56626 | Lair:1   | Lost mutation: Your body sometimes deteriorates upon taking damage. [potion of mutation]
 56626 | Lair:1   | Gained mutation: You frequently scream uncontrollably at your foes. [potion of mutation]
 56626 | Lair:1   | Gained mutation: You are clumsy. (Dex -2) [potion of mutation]
 56626 | Lair:1   | Gained mutation: You have a somewhat thin skeletal structure. (Dex +2, Stealth) [potion of mutation]
 56627 | Lair:1   | Lost mutation: You have a somewhat thin skeletal structure. (Dex +2, Stealth) [potion of mutation]
 56627 | Lair:1   | Lost mutation: You are clumsy. (Dex -2) [potion of mutation]
 56627 | Lair:1   | Lost mutation: Potions are less effective at restoring your health. [potion of mutation]
 56627 | Lair:1   | Lost mutation: You possess an exceptional clarity of mind. [potion of mutation]
 56627 | Lair:1   | Lost mutation: You frequently scream uncontrollably at your foes. [potion of mutation]
 56627 | Lair:1   | Lost mutation: You sometimes yell uncontrollably at your foes. [potion of mutation]
 56627 | Lair:1   | Lost mutation: You are mostly covered in molten scales. (AC +3) [potion of mutation]
 56627 | Lair:1   | Gained mutation: You have large cloven feet. [potion of mutation]
 56915 | Depths:2 | Reached skill level 11 in Dodging
 56929 | Depths:2 | Reached skill level 8 in Spellcasting
 57192 | Depths:2 | Identified a scroll of acquirement
 57230 | Depths:2 | Received a gift from Okawaru
 57370 | Depths:2 | Received a gift from Okawaru
 57683 | Depths:2 | Noticed a juggernaut
 57690 | Depths:2 | Killed a juggernaut
 57720 | Depths:2 | Got a sparkling wooden ring
 57722 | Depths:2 | Identified the ring "Veub" {rPois Dex+3 Stlth+} (You found it on level 2 of the Depths)
 57880 | Depths:2 | Received a gift from Okawaru
 58316 | Depths:3 | Reached skill level 25 in Crossbows
 58332 | Depths:3 | Received a gift from Okawaru
 58344 | Depths:3 | Reached skill level 11 in Shields
 58509 | Depths:3 | Found Sybod's Antique Armour Shop.
 58514 | Depths:3 | Found Toreeplu's Gadget Shop.
 58517 | Depths:3 | Bought a pair of distressingly furry boots for 313 gold pieces
 58527 | Depths:3 | Identified the cursed +0 pair of boots of the Spheres {+Fly rPois rC+ MP+9} (You bought it in a shop on level 3 of the Depths)
 58635 | Depths:3 | Received a gift from Okawaru
 58656 | Depths:3 | Found a one-way gate leading to the halls of Pandemonium.
 58970 | Depths:3 | Bought a box of beasts for 220 gold pieces
 59044 | Depths:3 | Received a gift from Okawaru
 59183 | Depths:3 | Reached XP level 27. HP: 215/215 MP: 32/35
 59203 | Depths:3 | Reached skill level 14 in Hexes
 59433 | Depths:3 | Noticed a greater mummy
 59444 | Depths:3 | Killed a greater mummy
 59511 | Depths:3 | Noticed a greater mummy
 59521 | Depths:3 | Noticed a greater mummy
 59768 | Depths:3 | Reached skill level 14 in Invocations
 60031 | Depths:3 | Killed a greater mummy
 60221 | Depths:3 | Killed a greater mummy
 60321 | Depths:4 | Found Niloipp's Food Shop.
 60360 | Depths:4 | Found a one-way gate to the infinite horrors of the Abyss.
 60489 | Depths:4 | Bought a bread ration for 70 gold pieces
 60489 | Depths:4 | Bought a bread ration for 70 gold pieces
 60736 | Depths:4 | Received a gift from Okawaru
 60754 | Depths:4 | Got jewelled swamp dragon scales {god gift}
 60765 | Depths:4 | Identified the +4 swamp dragon scales of the King of the Hill {rElec rPois} (Okawaru gifted it to you on level 4 of the Depths)
 60804 | Depths:4 | Reached skill level 12 in Dodging
 60960 | Depths:4 | Reached skill level 18 in Armour
 61120 | Depths:5 | Entered Level 5 of the Depths
 61154 | Depths:5 | Noticed a juggernaut
 61162 | Depths:5 | Killed a juggernaut
 61410 | Depths:5 | Noticed a juggernaut
 61413 | Depths:5 | Killed a juggernaut
 61533 | Depths:5 | Reached skill level 12 in Shields
 61614 | Depths:5 | Found a gate to the Realm of Zot.
 61651 | Depths:5 | Received a gift from Okawaru
 61715 | Depths:5 | Reached skill level 18 in Fighting
 61796 | Depths:5 | Received a gift from Okawaru
 62508 | Lair:1   | Learned a level 5 spell: Silence
 62515 | Lair:1   | Learned a level 6 spell: Deflect Missiles
 62760 | Vaults:5 | Entered Level 5 of the Vaults
 62772 | Vaults:4 | Received a gift from Okawaru
 62799 | Vaults:4 | Received a gift from Okawaru
 62961 | Vaults:4 | Reached skill level 11 in Evocations
 63027 | Vaults:4 | Reached skill level 15 in Invocations
 63141 | Vaults:4 | Received a gift from Okawaru
 63292 | Vaults:4 | Received a gift from Okawaru
 63433 | Vaults:4 | Received a gift from Okawaru
 63612 | Vaults:5 | Reached skill level 13 in Shields
 63623 | Vaults:4 | Reached skill level 26 in Crossbows
 63652 | Vaults:4 | Received a gift from Okawaru
 63796 | Vaults:5 | Noticed Xtahua
 63904 | Vaults:5 | Received a gift from Okawaru
 63921 | Vaults:5 | Killed Xtahua
 63921 | Vaults:5 | Received a gift from Okawaru
 64159 | Vaults:5 | Got a slimy ruby amulet
 64176 | Vaults:5 | Noticed an ancient lich
 64181 | Vaults:5 | Killed an ancient lich
 64181 | Vaults:5 | Reached skill level 13 in Dodging
 64284 | Vaults:5 | Got a shimmering lapis lazuli ring
 64286 | Vaults:5 | Identified the ring of the Cast Vote {rPois Str+7} (You took it off an ironbrand convoker on level 5 of the Vaults)
 64307 | Vaults:5 | Got a polished bardiche {venom}
 64308 | Vaults:5 | Identified the +5 bardiche of Mial Ezi {venom, rElec Str+3} (You took it off an ironbrand convoker on level 5 of the Vaults)
 64354 | Vaults:5 | Identified the Volume of Creative Attacks
 64363 | Vaults:5 | Got a silver rune of Zot
 64662 | Vaults:4 | Received a gift from Okawaru
 64746 | Vaults:5 | Reached skill level 12 in Evocations
 65166 | Vaults:5 | Learned a level 3 spell: Regeneration
 65175 | Vaults:5 | Got a spiked large shield
 65181 | Vaults:5 | Identified the +0 large shield of Ruosa {Int+3} (You acquired it on level 5 of the Vaults)
 65965 | Crypt:1  | Entered Level 1 of the Crypt
 66344 | Crypt:1  | Reached skill level 19 in Armour
 66347 | Crypt:1  | Reached skill level 1 in Charms
 66590 | Crypt:1  | Reached skill level 16 in Invocations
 66958 | Crypt:2  | Identified the amulet "Fikke" {Gourm rElec Int+3} (You took it off a deep elf death mage on level 5 of the Vaults)
 67081 | Crypt:2  | Reached skill level 2 in Charms
 67084 | Crypt:2  | Received a gift from Okawaru
 67085 | Crypt:2  | Got a crude arbalest {god gift}
 67093 | Crypt:2  | Identified the +9 arbalest of the Pyrrhic Victory {venom, Str+3} (Okawaru gifted it to you on level 2 of the Crypt)
 67127 | Crypt:2  | Reached skill level 14 in Shields
 67386 | Crypt:2  | Noticed Sojobo
 67428 | Crypt:2  | Killed Sojobo
 67494 | Crypt:2  | Reached skill level 3 in Charms
 67851 | Crypt:3  | Entered Level 3 of the Crypt
 67855 | Crypt:3  | Received a gift from Okawaru
 67974 | Crypt:3  | Reached skill level 19 in Fighting
 68284 | Crypt:3  | Gained mutation: Armour fits poorly on your strangely shaped body. [a neqoxec]
 68433 | Crypt:3  | Noticed a greater mummy
 68451 | Crypt:3  | Killed a greater mummy
 68675 | Crypt:3  | Received a gift from Okawaru
 68719 | Crypt:3  | Reached skill level 4 in Charms
 68959 | Crypt:3  | Learned a level 1 spell: Summon Butterflies
 68965 | Crypt:3  | Learned a level 2 spell: Passwall
 68970 | Crypt:3  | Learned a level 4 spell: Passage of Golubria
 68976 | Crypt:3  | Learned a level 5 spell: Lee's Rapid Deconstruction
 69135 | Crypt:3  | Found a staircase to the Tomb.
 69464 | Tomb:1   | Entered Level 1 of the Tomb of the Ancients
 69711 | Tomb:1   | Received a gift from Okawaru
 69960 | Tomb:1   | Received a gift from Okawaru
 69961 | Tomb:1   | Reached skill level 13 in Evocations
 70931 | Zot:1    | Entered Level 1 of the Realm of Zot
 71001 | Zot:1    | Received a gift from Okawaru
 71211 | Zot:1    | Reached skill level 5 in Charms
 71211 | Zot:1    | Reached skill level 1 in Earth Magic
 71220 | Zot:1    | Reached skill level 1 in Transmutations
 71316 | Zot:1    | Reached skill level 2 in Earth Magic
 71458 | Zot:1    | Received a gift from Okawaru
 71639 | Zot:1    | Reached skill level 27 in Crossbows
 71982 | Zot:1    | Reached skill level 2 in Transmutations
 72055 | Zot:2    | Received a gift from Okawaru
 72107 | Zot:2    | Reached skill level 17 in Invocations
 72116 | Zot:2    | Reached skill level 3 in Earth Magic
 72174 | Zot:2    | Received a gift from Okawaru
 72359 | Zot:2    | Reached skill level 15 in Shields
 72442 | Zot:2    | Reached skill level 6 in Charms
 72508 | Zot:2    | Received a gift from Okawaru
 72508 | Zot:2    | Reached skill level 4 in Earth Magic
 72546 | Zot:2    | Reached skill level 14 in Dodging
 72546 | Zot:2    | Reached skill level 3 in Transmutations
 72924 | Zot:3    | Reached skill level 1 in Summonings
 73052 | Zot:3    | Received a gift from Okawaru
 73110 | Zot:3    | Identified the +2 ring mail of Vaerril {+Inv rElec rPois} (You found it on level 3 of the Realm of Zot)
 73149 | Zot:3    | Reached skill level 4 in Transmutations
 73193 | Zot:3    | Reached skill level 5 in Earth Magic
 73266 | Zot:3    | Received a gift from Okawaru
 73266 | Zot:3    | Reached skill level 2 in Summonings
 73277 | Zot:3    | Got a twisted plate armour {god gift}
 73288 | Zot:3    | Identified the +0 plate armour of Kanivau {rC+ Str-4 Int+4} (Okawaru gifted it to you on level 3 of the Realm of Zot)
 74077 | Zot:4    | Reached skill level 14 in Evocations
 74458 | Zot:5    | Entered Level 5 of the Realm of Zot
 74496 | Zot:4    | Reached skill level 7 in Charms
 74522 | Zot:5    | Reached skill level 3 in Summonings
 74538 | Zot:5    | Noticed Mellonil's ghost (legendary HOBe)
 74550 | Zot:5    | Killed Mellonil's ghost
 74550 | Zot:5    | Reached skill level 5 in Transmutations
 74550 | Zot:5    | Reached skill level 6 in Earth Magic
 75525 | Pan      | Entered Pandemonium
 75557 | Pan      | Received a gift from Okawaru
 75567 | Pan      | Reached skill level 4 in Summonings
 75788 | Pan      | Reached skill level 20 in Armour
 75811 | Pan      | Reached skill level 7 in Earth Magic
 75834 | Pan      | Noticed Ycamesh the pandemonium lord
 75841 | Pan      | Killed Ycamesh the pandemonium lord
 75951 | Pan      | Received a gift from Okawaru
 75960 | Pan      | Reached skill level 1 in Air Magic
 75965 | Pan      | Got an encrusted cloak {god gift}
 75979 | Pan      | Identified the +0 cloak of Byumyrum {*Drain Int+7 Dex+3} (Okawaru gifted it to you in Pandemonium)
 76307 | Pan      | Reached skill level 20 in Fighting
 76419 | Pan      | Reached skill level 8 in Charms
 76571 | Pan      | Reached skill level 2 in Air Magic
 76641 | Pan      | Reached skill level 5 in Summonings
 76958 | Pan      | Reached skill level 8 in Earth Magic
 77031 | Pan      | Received a gift from Okawaru
 77031 | Pan      | Reached skill level 18 in Invocations
 77047 | Pan      | Reached skill level 3 in Air Magic
 77287 | Pan      | Found a glowing silver altar of Zin.
 77292 | Pan      | Reached skill level 6 in Summonings
 77521 | Pan      | Reached skill level 15 in Evocations
 77631 | Pan      | Noticed a seraph
 77652 | Pan      | Killed a seraph
 77740 | Pan      | Reached skill level 9 in Earth Magic
 77781 | Pan      | Identified the +3 buckler of Zaloul {rElec Str+2 Dex+3} (You took it off an angel in Pandemonium)
 77821 | Pan      | Received a gift from Okawaru
 77836 | Pan      | Found a glowing golden altar of the Shining One.
 77882 | Pan      | Got a demonic rune of Zot
 77907 | Pan      | Got a pair of steaming boots
 77918 | Pan      | Identified the +0 pair of boots of the Lobster {MR+ rCorr Int-5 SInv} (You found it in Pandemonium)
 78075 | Pan      | Reached skill level 9 in Charms
 78241 | Pan      | Found a white marble altar of Elyvilon.
 78343 | Pan      | Reached skill level 4 in Air Magic
 78361 | Pan      | Reached skill level 15 in Dodging
 78499 | Pan      | Reached skill level 7 in Summonings
 78527 | Pan      | Received a gift from Okawaru
 79091 | Pan      | Found an exit through the horrors of the Abyss.
 79213 | Pan      | Noticed Alomuh the pandemonium lord
 79233 | Pan      | Killed Alomuh the pandemonium lord
 79317 | Pan      | Reached skill level 10 in Earth Magic
 79488 | Pan      | Noticed Yckehace the pandemonium lord
 79494 | Pan      | Killed Yckehace the pandemonium lord
 79494 | Pan      | Received a gift from Okawaru
 79495 | Pan      | Found an exit through the horrors of the Abyss.
 79512 | Pan      | Identified the +3 scale mail "Ikkaney" {*Slow rElec Regen+ Stlth+} (Okawaru gifted it to you in Pandemonium)
 79559 | Pan      | Took an exit into the Abyss.
 79559 | Abyss:1  | Escaped into the Abyss
 79661 | Abyss:3  | Found a stormy altar of Qazlal.
 79661 | Abyss:3  | Found a shimmering altar of Xom.
 79661 | Abyss:3  | Found an iron altar of Okawaru.
 79661 | Abyss:3  | Found a burning altar of Makhleb.
 79661 | Abyss:3  | Found a sparkling altar of Nemelex Xobeh.
 79661 | Abyss:3  | Found a white marble altar of Elyvilon.
 79661 | Abyss:3  | Found an opulent altar of Gozag.
 79661 | Abyss:3  | Found a shattered altar of Ashenzari.
 79661 | Abyss:3  | Found a blossoming altar of Fedhas.
 79661 | Abyss:3  | Found a hazy altar of Hepliaklqana.
 79668 | Abyss:3  | Found a basalt altar of Yredelemnul.
 79668 | Abyss:3  | Found a radiant altar of Vehumet.
 79668 | Abyss:3  | Found a glowing silver altar of Zin.
 79671 | Abyss:3  | Found a hide-covered altar of Uskayaw.
 79671 | Abyss:3  | Found a bloodstained altar of Trog.
 79671 | Abyss:3  | Found a snail-covered altar of Cheibriados.
 79671 | Abyss:3  | Found a glowing golden altar of the Shining One.
 79675 | Abyss:3  | Found a deep blue altar of Sif Muna.
 79675 | Abyss:3  | Found a glowing golden altar of the Shining One.
 79675 | Abyss:3  | Found a shadowy altar of Dithmenos.
 79705 | Abyss:3  | Found a deep blue altar of Sif Muna.
 79893 | Abyss:3  | Reached skill level 5 in Air Magic
 79984 | Abyss:3  | Reached skill level 8 in Summonings
 80212 | Abyss:3  | Reached skill level 10 in Charms
 80835 | Abyss:4  | Received a gift from Okawaru
 80835 | Abyss:4  | Reached skill level 19 in Invocations
 80943 | Abyss:4  | Reached skill level 16 in Evocations
 81119 | Abyss:4  | Reached skill level 11 in Earth Magic
 81379 | Abyss:4  | Reached skill level 9 in Summonings
 81422 | Abyss:4  | Reached skill level 21 in Armour
 81453 | Abyss:4  | Reached skill level 6 in Air Magic
 81546 | Abyss:4  | Reached skill level 21 in Fighting
 81574 | Abyss:4  | Noticed an ancient lich
 81579 | Abyss:4  | Noticed an ancient lich
 81584 | Abyss:4  | Killed an ancient lich
 81597 | Abyss:4  | Received a gift from Okawaru
 81607 | Abyss:4  | Killed an ancient lich
 81645 | Abyss:4  | Got an abyssal rune of Zot
 81683 | Abyss:4  | Received a gift from Okawaru
 81687 | Abyss:4  | Identified the +3 ring mail of Inevitability {rC+} (Okawaru gifted it to you on level 4 of the Abyss)
 81890 | Abyss:4  | Reached skill level 11 in Charms
 81989 | Depths:3 | Escaped the Abyss
 81994 | Pan      | Entered Pandemonium
 82142 | Pan      | Found an exit through the horrors of the Abyss.
 82159 | Pan      | Gained mutation: You expend magic power (3 MP) to strengthen your wands. [a cacodemon]
 82256 | Pan      | Entered the realm of Mnoleg.
 82369 | Pan      | Found an exit through the horrors of the Abyss.
 82428 | Pan      | Gained mutation: Scrolls take you a little longer to read. [a neqoxec]
 82481 | Pan      | Noticed Mnoleg
 82491 | Pan      | Gained mutation: Your magical capacity is low. (-10% MP) [Mnoleg's mutagenic touch]
 82495 | Pan      | Killed Mnoleg
 82495 | Pan      | Reached skill level 7 in Air Magic
 82495 | Pan      | Reached skill level 12 in Earth Magic
 82514 | Pan      | Lost mutation: Your magical capacity is low. (-10% MP) [potion of mutation]
 82514 | Pan      | Lost mutation: You expend magic power (3 MP) to strengthen your wands. [potion of mutation]
 82514 | Pan      | Lost mutation: Armour fits poorly on your strangely shaped body. [potion of mutation]
 82514 | Pan      | Lost mutation: Scrolls take you a little longer to read. [potion of mutation]
 82514 | Pan      | Lost mutation: You occasionally shout uncontrollably at your foes. [potion of mutation]
 82514 | Pan      | Gained mutation: You are robust. (+10% HP) [potion of mutation]
 82514 | Pan      | Gained mutation: You have a beak for a mouth. [potion of mutation]
 82544 | Pan      | Got a glowing rune of Zot
 82682 | Depths:3 | Escaped Pandemonium
 82686 | Pan      | Entered Pandemonium
 82768 | Pan      | Received a gift from Okawaru
 82869 | Pan      | Found an exit through the horrors of the Abyss.
 82949 | Pan      | Noticed Eppuptui the pandemonium lord
 82981 | Pan      | Killed Eppuptui the pandemonium lord
 82981 | Pan      | Reached skill level 16 in Dodging
 83283 | Pan      | Reached skill level 10 in Summonings
 83450 | Pan      | Entered the realm of Cerebov.
 83450 | Pan      | Noticed Cerebov
 83486 | Pan      | HP: 11/251 [Cerebov/great serpentine sword {flame} (5)]
 83487 | Pan      | Killed from afar by Cerebov

Skill      XL: |  1  2  3  4  5  6  7  8  9 10 11 12 13 14 15 16 17 18 19 20 21 22 23 24 25 26 27 |
---------------+----------------------------------------------------------------------------------+-----
Crossbows      | 5 6 7 9 10 11 12 14 15 16 18 19 20 21 22 23 24 25 27 | 27.0
Armour         | 1 4 5 7 8 9 11 12 13 14 15 16 17 21 | 21.4
Fighting       | 4 6 7 8 10 11 12 13 14 15 16 17 21 | 21.4
Invocations    | 3 6 8 9 10 11 12 13 19 | 19.6
Shields        | 4 6 8 9 10 11 15 | 15.0
Dodging        | 3 5 6 8 9 10 11 16 | 16.1
Evocations     | 2 5 8 9 10 16 | 16.8
Hexes          | 5 9 11 13 14 | 14.0
Translocations | 3 7 9 10 | 10.0
Spellcasting   | 4 6 7 8 |  8.0
Necromancy     | 2 5 7 |  7.0
Charms         | 11 | 11.4
Earth Magic    | 12 | 12.4
Transmutations | 5 |  5.0
Summonings     | 10 | 10.0
Air Magic      | 7 |  7.3
Stealth        | |  1.2

Action                   |  1- 3 |  4- 6 |  7- 9 | 10-12 | 13-15 | 16-18 | 19-21 | 22-24 | 25-27 || total
-------------------------+-------+-------+-------+-------+-------+-------+-------+-------+-------++-------
 Fire: Hand crossbow     |    61 |    44 |    75 |   497 |   377 |       |       |       |       ||  1054
       Hunting sling     |       |   245 |   530 |   416 |  1337 |   492 |       |       |       ||  3020
       Blowgun           |       |       |   234 |   165 |       |       |       |       |       ||   399
       Shortbow          |       |       |    63 |   203 |       |       |       |       |       ||   266
       Arbalest          |       |       |       |       |   274 |    45 |       |       |       ||   319
       Triple crossbow   |       |       |       |       |       |   851 |  1107 |  1289 |  4718 ||  7965
Throw: Stone             |       |    13 |     1 |       |       |       |       |       |       ||    14
 Cast: Portal Projectile |       |       |       |       |       |       |       |     5 |    28 ||    33
       Apportation       |       |       |       |       |       |       |       |    70 |   182 ||   252
       Regeneration      |       |       |       |       |       |       |       |       |    63 ||    63
       Corpse Rot        |       |       |       |       |       |       |       |       |     5 ||     5
       Summon Butterflie |       |       |       |       |       |       |       |       |     2 ||     2
Invok: Heroism           |       |       |       |    12 |    12 |    10 |     8 |    13 |    39 ||    94
       Finesse           |       |       |       |       |     1 |     2 |     3 |     3 |    15 ||    24
 Abil: Dig               |       |       |       |     2 |     6 |    16 |     3 |       |    39 ||    66
       Evoke Flight      |       |       |       |       |       |       |       |       |     5 ||     5
Evoke: Wand              |       |       |     6 |     9 |     1 |       |       |       |     5 ||    21
       Fan of gales      |       |       |       |       |       |       |       |       |     2 ||     2
       Box of beasts     |       |       |       |       |       |       |       |       |     2 ||     2
       Lamp of fire      |       |       |       |       |       |       |       |       |     1 ||     1
       Phial of floods   |       |       |       |       |       |       |       |       |     1 ||     1
  Use: Scroll            |       |     3 |       |     9 |     6 |    17 |     7 |    12 |    44 ||    98
       Potion            |       |       |       |       |       |     6 |     5 |       |    24 ||    35
  Eat: Chunk             |       |     4 |    17 |    21 |    32 |    17 |    24 |    17 |    38 ||   170
       Bread ration      |       |       |       |       |     1 |     2 |       |     1 |     4 ||     8
       Fruit             |       |       |       |       |       |     4 |     3 |     6 |    23 ||    36
       Royal jelly       |       |       |       |       |       |       |     1 |     1 |     5 ||     7
       Meat ration       |       |       |       |       |       |       |       |       |     8 ||     8
Armor: Leather armour    |     1 |       |       |       |       |       |       |       |       ||     1
       Chain mail        |    14 |   169 |   303 |       |       |   166 |   193 |     6 |       ||   851
       Plate armour      |       |       |   122 |   570 |   538 |   465 |       |   367 |  1158 ||  3220
       Skin              |       |       |       |     2 |       |       |       |       |       ||     2
       Gold dragon scale |       |       |       |       |       |       |       |       |    10 ||    10
Dodge: Dodged            |    11 |   100 |   257 |   287 |   494 |   755 |   366 |   562 |  1860 ||  4692
Block: Shield            |       |       |       |   189 |   743 |   857 |   350 |   567 |  2016 ||  4722
